 Dungeon Crawl Stone Soup version 0.23-a0-639-ga9a3373 (webtiles) character file.

17 Lavandula the Sneak (level 2, -2/17 HPs)
             Began as a Halfling Enchanter on Dec 29, 2018.
             Slain by a goblin (3 damage)
             ... led by Robin
             ... on level 2 of the Dungeon.
             The game lasted 00:01:27 (797 turns).

Lavandula the Sneak (Halfling Enchanter)             Turns: 797, Time: 00:01:28

Health: -2/17      AC:  0    Str:  7 (9)  XL:     2   Next: 80%
Magic:  4/4        EV: 15    Int: 10 (13) God:
Gold:   40         SH:  0    Dex: 13 (14) Spells: 1/4 levels left

rFire    . . .     SeeInvis .   (weapon currently unavailable)
rCold    . . .     Gourm    .   (shield currently unavailable)
rNeg     . . .     Faith    .   (armour currently unavailable)
rPois    .         Spirit   .   (helmet currently unavailable)
rElec    .         Reflect  .   (cloak currently unavailable)
rCorr    .         Harm     .   (gloves currently unavailable)
MR       .....                  (boots currently unavailable)
Stlth    ++........             (no amulet)
HPRegen  0.05/turn              (ring currently unavailable)
MPRegen  0.09/turn              (ring currently unavailable)

@: pig-form, very quick
A: small, mutation resistance 1
a: no special abilities


You were on level 2 of the Dungeon.
You were not hungry.
You were a filthy swine.
You visited 1 branch of the dungeon, and saw 2 of its levels.

You collected 40 gold pieces.

Inventory:

Hand Weapons
 a - a +1 dagger (melded)
Armour
 b - a +0 robe (melded)
Jewellery
 c - an uncursed ring of stealth {unknown}
Scrolls
 f - 3 scrolls of enchant weapon {unknown}
Potions
 e - a potion of degeneration
 g - a potion of might {unknown}
Comestibles
 d - 5 rations


   Skills:
 + Level 3.1 Short Blades
 - Level 2.1 Dodging
 - Level 3.2 Stealth
 - Level 1.5 Spellcasting
 - Level 2.4 Hexes


You had one spell level left.
You knew the following spells:

 Your Spells              Type           Power        Failure   Level  Hunger
a - Corona                Hex            #......      12%         1    ##.....
b - Ensorcelled Hibernat  Hex/Ice        #.....       30%         2    ###....

Your spell library contained the following spells:

 Spells                   Type           Power        Failure   Level  Hunger
 Confuse                  Hex            #.......     36%         3    ####...
 Tukima's Dance           Hex            #.......     36%         3    ####...
 Dazzling Spray           Conj/Hex       #.....       52%         3    ####...


Dungeon Overview and Level Annotations

Branches:
Dungeon (2/15)

Altars:

Annotations:
D:2 Robin


Innate Abilities, Weirdness & Mutations

You are small and have problems with some larger weapons.
You are somewhat resistant to further mutation.


Message History

The goblin is moderately wounded.
The goblin hits you with a +0 dagger. The goblin hits you with a +0 dagger.
Robin throws the goblin at you! The goblin barely misses you.
You hit the goblin but do no damage. The goblin misses you.
Okay, then.
You miss the goblin.
The goblin closely misses you. x2; The goblin hits you.
Unknown command.
You hit the goblin.
The goblin is heavily wounded.
The goblin hits you but does no damage. x2; The goblin hits you.
* * * LOW HITPOINT WARNING * * *
Unknown command.
It was a potion of degeneration.
There was something very wrong with that liquid.
You feel weakened.
You feel dopey.
You feel clumsy. The goblin hits you with a +0 dagger.
* * * LOW HITPOINT WARNING * * *
The goblin closely misses you. The goblin hits you.
You die...

#..#
######..##
.........#
.#####..[#
#...#
#...########
#.......<...
#.#g########


#ggh# #.g## #.g# #g.# #..# #.g# g..# .#(.# .g#... You could see Robin, 4
hobgoblins and 3 goblins.

Vanquished Creatures
  3 leopard geckos (D:1)
  A ball python (D:1)
  2 giant cockroaches (D:1)
  A goblin (D:1)
  A hobgoblin (D:1)
  A jackal (D:1)
  A frilled lizard (D:1)
  A kobold (D:1)
  2 rats (D:1)
13 creatures vanquished.

Notes
Turn   | Place    | Note
-------+----------+-------------------------------------------
     0 | D:1      | Lavandula the Halfling Enchanter began the quest for the
                  | Orb.
     0 | D:1      | Reached XP level 1. HP: 11/11 MP: 3/3
   154 | D:1      | Reached XP level 2. HP: 14/17 MP: 2/4
   374 | D:1      | Learned a level 2 spell: Ensorcelled Hibernation
   787 | D:2      | Noticed Robin
   797 | D:2      | Slain by a goblin

Vault maps used:
D:1:      erik_arrival_triangle_large, minmay_liquid_box, minmay_misc_feat_roman
D:2:      overflow_temple_1_default, uniq_robin, uniq_natasha

Skill      XL: |  1  2 |
---------------+-------+-----
Short Blades   | 2 3 |  3.1
Dodging        | |  2.1
Stealth        | |  3.2
Spellcasting   | |  1.5
Hexes          | |  2.4

Action                   || total
-------------------------++-------
Melee: Dagger            ||    56
       Unarmed           ||     4
 Cast: Corona            ||     9
  Use: Potion            ||     1
 Stab: Sleeping          ||     2
Armor: Robe              ||     6
Dodge: Dodged            ||    54

Table legend:
 A = Non-vault XP
 B = Vault XP
 C = Vault XP percentage of total XP
 D = Non-vault monster count
 E = Vault monster count
 F = Vault count percentage of total count
                 A         B        C        D         E       F
            +---------+---------+-------+---------+---------+-------
      Total |      25 |       0 |   0.0 |      13 |       0 |   0.0
            +---------+---------+-------+---------+---------+-------
        D:1 |      25 |       0 |   0.0 |      13 |       0 |   0.0
            +---------+---------+-------+---------+---------+-------
